 Dungeon Crawl Stone Soup version 0.28-a0-895-g6e5f11bd55 (webtiles) character file.

Game seed: 3379914779668978546

256 mcbry74 the Skirmisher (level 6, -11/58 HPs)
             Began as a Hill Orc Fighter on Nov 22, 2021.
             Mangled by Pikel (13 damage)
             ... on level 4 of the Dungeon.
             The game lasted 00:11:03 (2901 turns).

mcbry74 the Skirmisher (Hill Orc Fighter)           Turns: 2901, Time: 00:11:05

Health: -11/58     AC:  8    Str: 21    XL:     6   Next: 15%
Magic:  6/6        EV:  9    Int:  8    God:
Gold:   113        SH:  4    Dex: 10    Spells: 5/5 levels left

rFire   . . .      SeeInvis .   a - +0 war axe
rCold   + . .      Faith    .   c - +0 buckler
rNeg    . . .      Spirit   .   b - +0 scale mail
rPois   .          Reflect  .   (no helmet)
rElec   .          Harm     .   (no cloak)
rCorr   .          Rampage  .   o - +0 pair of gloves
Will    .....                   (no boots)
Stlth   ..........              (no amulet)
HPRegen 0.19/turn               t - ring of protection from cold
MPRegen 0.10/turn               (no ring)

@: mighty
A: no striking features
a: no special abilities


You were on level 4 of the Dungeon.
You visited 1 branch of the dungeon, and saw 4 of its levels.

You collected 113 gold pieces.

Inventory:

Hand Weapons
 a - a +0 war axe (weapon)
 j - a +0 hunting sling
 u - a +2 long sword of freezing
Missiles
 k - 12 sling bullets
 n - 2 boomerangs (quivered)
Armour
 b - a +0 scale mail (worn)
 c - a +0 buckler (worn)
 o - a +0 pair of gloves (worn)
Jewellery
 t - a ring of protection from cold (left hand)
Wands
 r - a wand of flame (23)
Scrolls
 e - 2 scrolls of amnesia {unknown}
 f - 4 scrolls of identify {unknown}
 g - a scroll of enchant armour {unknown}
Potions
 d - a potion of might
 h - 2 potions of heal wounds {unknown}
 i - a potion of degeneration {unknown}
 l - a potion of resistance {unknown}
 m - a potion of magic {unknown}
 p - a potion of lignification {unknown}
 q - a potion of curing {unknown}
 s - 2 potions of haste {unknown}
 v - a potion of brilliance {unknown}


   Skills:
 + Level 6.8 Fighting
 - Level 2.7 Axes
 + Level 2.2 Throwing
 - Level 3.3 Armour
 - Level 3.3 Shields
 + Level 1.6 Evocations


You had 5 spell levels left.
You didn't know any spells.
Your spell library was empty.

Dungeon Overview and Level Annotations

Branches:
Dungeon (4/15)
 Temple: D:4-7

Altars:
Ashenzari

Shops:
D:2 ?   D:4 (

Annotations:
D:4 Pikel


Message History

The lemure hits you!
You closely miss Pikel.
Pikel is moderately wounded.
You hit the lemure. You slash the lemure! The lemure barely misses you.
Pikel hits you with a +2 whip of electrocution.
The lemure barely misses you. You block the lemure's attack.
You closely miss Pikel.
Pikel is moderately wounded.
You hit the lemure. You slash the lemure!
You kill the lemure!
That felt strangely unrewarding.
Pikel hits you with a +2 whip of electrocution.
You block Pikel's attack.
You closely miss Pikel.
Pikel is moderately wounded.
You barely miss the lemure. You block the lemure's attack.
Pikel closely misses you. The lemure hits you but does no damage.
You closely miss Pikel.
Pikel is moderately wounded.
You closely miss the lemure. You slash the lemure!
You block the lemure's attack.
Pikel says, "You'll feel the lick of my whip!"
Pikel hits you with a +2 whip of electrocution!
* * * LOW HITPOINT WARNING * * *
The lemure hits you.
* * * LOW HITPOINT WARNING * * *
The lemure closely misses you. Pikel closely misses you.
You slash Pikel!
Pikel is severely wounded.
You slash the lemure! x2; You block the lemure's attack. x2
Pikel hits you with a +2 whip of electrocution!
* * * LOW HITPOINT WARNING * * *
The lemure completely misses you.
You slash Pikel!
Pikel is almost dead.
You hit the lemure. x2
You kill the lemure!
That felt strangely unrewarding.
Pikel hits you with a +2 whip of electrocution!
You die...

##.###.#.. .#
....(.. .##.#
...#.# ..#.#
#.#.# #.#.# #...#
#.#.#
#.###...###.#.#
#......รท......#
.######.####.###
........@K5.)####
.........5......#
#######.#######.#
#.# #.# # #.# #.#
# #.# #K### # #.#
#...# # #.###
###5# # #...# K#


You could see Pikel and 2 lemures.

Vanquished Creatures
  A centaur (D:4)
  2 lemures (D:4)
  A centaur skeleton (D:4)
  3 gnolls (D:3)
  6 adders
  4 dart slugs
  2 orcs (D:3)
  5 endoplasms
  A giant cockroach (D:3)
  4 goblins
  6 hobgoblins
  3 quokkas
  5 ball pythons
  6 bats
  3 frilled lizards
  3 kobolds
  3 rats
58 creatures vanquished.

Notes
Turn   | Place    | Note
-------+----------+-------------------------------------------
     0 | D:1      | mcbry74 the Hill Orc Fighter began the quest for the Orb.
     0 | D:1      | Reached XP level 1. HP: 19/19 MP: 1/1
   267 | D:1      | Reached skill level 4 in Fighting
   271 | D:1      | Reached XP level 2. HP: 27/27 MP: 2/2
   882 | D:2      | Found Coxzum's Magic Scroll Emporium.
   958 | D:2      | Reached XP level 3. HP: 35/35 MP: 3/3
   980 | D:2      | Reached skill level 5 in Fighting
  1141 | D:2      | Found a broken altar of Ashenzari.
  1585 | D:3      | Reached XP level 4. HP: 26/42 MP: 4/4
  1820 | D:3      | Found a faded altar of an unknown god.
  1967 | D:3      | Reached skill level 6 in Fighting
  2186 | D:3      | Reached skill level 1 in Throwing
  2198 | D:3      | Reached XP level 5. HP: 31/50 MP: 5/5
  2577 | D:4      | Found Sovem's Antique Weapon Emporium.
  2683 | D:4      | Noticed a centaur
  2700 | D:4      | Killed a centaur
  2701 | D:4      | Reached skill level 1 in Evocations
  2701 | D:4      | Reached XP level 6. HP: 25/58 MP: 6/6
  2878 | D:4      | Noticed Pikel
  2900 | D:4      | HP: 2/58 [Pikel (7)]
  2901 | D:4      | Mangled by Pikel

Illustrated notes

Levels and vault maps discovered:
D:1:      minmay_arrival_doors, layout_basic, minmay_hexomino_u4
D:2:      layout_loops_ring, serial_shops, nicolae_shop_hallway_plus,
          basic_altar, minmay_misc_feat_more_columns
D:3:      layout_rooms, shapermc_ecumenical_altar_petra
D:4:      layout_loops_ring, serial_shops, nicolae_shop_advertising_works
          [nicolae_subvault_shop_adworks], uniq_pikel

Skill      XL: |  1  2  3  4  5 |
---------------+----------------+-----
Fighting       | 4 5 6 |  6.8
Throwing       | 1 2 |  2.2
Evocations     | 1 |  1.6
Axes           | |  2.7
Armour         | |  3.3
Shields        | |  3.3

Action                   |  1- 3 |  4- 6 || total
-------------------------+-------+-------++-------
Melee: War axe           |    74 |    90 ||   164
 Fire: Hunting sling     |    18 |       ||    18
Throw: Boomerang         |       |    16 ||    16
  Use: Potion            |       |     1 ||     1
Armor: Scale mail        |    40 |    57 ||    97
Dodge: Dodged            |    46 |    46 ||    92
Block: Buckler           |    20 |    26 ||    46

Table legend: (Time is in decaauts)
 A = Elapsed time spent in this place.
 B = Non-inter-level travel time spent in this place.
 C = Inter-level travel time spent in this place.
 D = Time resting spent in this place.
 E = Time spent auto-exploring this place.
 F = Levels seen in this place.
 G = Mean time per level.
                   A        B        C        D        E       F      G
               +--------+--------+--------+--------+--------+-----+--------+
         Total |   2965 |   2923 |     42 |    492 |   1838 |   4 |  741.2 |
       Dungeon |   2965 |   2923 |     42 |    492 |   1838 |   4 |  741.2 |
               +--------+--------+--------+--------+--------+-----+--------+

Top non-repeatable levels by time:
     D:3: 928 daAuts
     D:1: 898 daAuts
     D:2: 706 daAuts
     D:4: 431 daAuts
